[Event "85th Southwest Open 2019"]
[Site "Dallas"]
[Date "2019.09.01"]
[Round "6.3"]
[White "Belous, Vladimir"]
[Black "Stukopin, Andrey"]
[Result "1/2-1/2"]
[ECO "E38"]
[WhiteElo "2497"]
[BlackElo "2564"]
[Annotator "ChessBase"]
[PlyCount "27"]
[EventDate "2019.08.29"]
[EventType "swiss"]
[EventCountry "USA"]
[SourceTitle "playchess.com"]
[Source "ChessBase"]
[SourceQuality "1"]
[TimeControl "5400+30"]

1. d4 Nf6 2. c4 e6 3. Nc3 Bb4 4. Qc2 O-O 5. Nf3 c5 6. Bg5 h6 7. Bxf6 Qxf6 8. a3 Bxc3+ 9. Qxc3 d6 10. e3 b6 11. Be2 Bb7 12. O-O Nd7 13. Rfd1 Rac8 14. Rac1 1/2-1/2

[Event "85th Southwest Open 2019"]
[Site "Dallas"]
[Date "2019.09.01"]
[Round "6.6"]
[White "Drozdowski, Kacper"]
[Black "Reshef, Omer"]
[Result "1/2-1/2"]
[ECO "C42"]
[WhiteElo "2484"]
[BlackElo "2467"]
[Annotator "ChessBase"]
[PlyCount "72"]
[EventDate "2019.08.29"]
[EventType "swiss"]
[EventCountry "USA"]
[SourceTitle "playchess.com"]
[Source "ChessBase"]
[SourceQuality "1"]
[TimeControl "5400+30"]

1. e4 e5 2. Nf3 Nf6 3. Nxe5 d6 4. Nf3 Nxe4 5. Nc3 Nxc3 6. dxc3 Be7 7. Bf4 Nc6 8. Qd2 Be6 9. Bd3 Qd7 10. O-O O-O 11. Rfe1 Rfe8 12. h3 a6 13. Re2 Bf5 14. Rae1 Bxd3 15. cxd3 Bf6 16. d4 Ne7 17. Bg5 Bxg5 18. Qxg5 f6 19. Qd2 c6 20. g3 d5 21. Nh4 Ng6 22. Nxg6 hxg6 23. h4 Kf7 24. Qf4 Rxe2 25. Rxe2 Re8 26. Rxe8 Kxe8 27. Qb8+ Kf7 28. Kf1 Qh3+ 29. Kg1 Qd7 30. Kf1 Qh3+ 31. Ke2 Qd7 32. Kf3 Qf5+ 33. Kg2 Qd7 34. Kf1 Qh3+ 35. Kg1 Qd7 36. Kf1 Qh3+ 1/2-1/2

[Event "85th Southwest Open 2019"]
[Site "Dallas"]
[Date "2019.09.01"]
[Round "6.10"]
[White "Grinberg, Eyal"]
[Black "Nguyen, Emily"]
[Result "0-1"]
[ECO "C90"]
[WhiteElo "2486"]
[BlackElo "2183"]
[Annotator "RC"]
[PlyCount "134"]
[EventDate "2019.08.29"]
[EventType "swiss"]
[EventCountry "USA"]
[SourceTitle "playchess.com"]
[Source "ChessBase"]
[SourceQuality "1"]
[TimeControl "5400+30"]

1. e4 e5 2. Nf3 Nc6 3. Bb5 a6 4. Ba4 Nf6 5. O-O Be7 6. d3 b5 7. Bb3 d6 8. c3 O-O 9. Re1 Bb7 10. Nbd2 Na5 11. Bc2 c5 12. Nf1 Nc6 13. Ng3 g6 14. d4 cxd4 15. cxd4 Rc8 16. Bb3 exd4 17. Nxd4 Na5 18. Bc2 Nd7 19. Re2 Bf6 20. b3 Re8 21. Bb2 Be5 22. Qd2 Qb6 23. Rd1 Nc6 24. Nf1 Nxd4 25. Bxd4 Rxc2 26. Bxb6 Rxd2 27. Nxd2 Nxb6 28. Nf3 Bf4 29. g3 Bh6 30. Rxd6 Nd5 31. Rd7 Bc6 32. Rd6 Bb7 33. a3 Nc3 34. Re1 Nxe4 35. Rd7 Bc6 36. Ra7 Rc8 37. Rxa6 Nc5 38. Rxc6 Rxc6 39. Nd4 Rb6 40. Re5 Bg7 41. Re8+ Bf8 42. b4 Ne6 43. Nc2 Kg7 44. Ra8 Rc6 45. Ne3 Nd4 46. Kg2 Be7 47. h4 h5 48. Ra7 Bf6 49. Nd5 Rc2 50. Rb7 Ra2 51. Nc7 Be5 52. Nxb5 Nxb5 53. Rxb5 Bb2 54. Rd5 Rxa3 55. b5 Rb3 56. f4 Kf6 57. Rg5 Bc1 58. Rc5 Be3 59. Rd5 Ke6 60. Re5+ Kd6 61. Rg5 Bd2 62. Kf2 Be3+ 63. Kg2 Bd4 64. f5 Rxb5 65. g4 Be3 66. fxg6 Bxg5 67. g7 Rb8 0-1

[Event "85th Southwest Open 2019"]
[Site "Dallas"]
[Date "2019.09.01"]
[Round "6.13"]
[White "Tiglon, Bryce"]
[Black "Bajarani, Ulvi"]
[Result "1/2-1/2"]
[ECO "B92"]
[WhiteElo "2371"]
[BlackElo "2501"]
[Annotator "RC"]
[PlyCount "128"]
[EventDate "2019.08.29"]
[EventType "swiss"]
[EventCountry "USA"]
[SourceTitle "playchess.com"]
[Source "ChessBase"]
[SourceQuality "1"]
[TimeControl "5400+30"]

1. e4 c5 2. Nf3 d6 3. d4 cxd4 4. Nxd4 Nf6 5. Nc3 a6 6. Be2 e5 7. Nb3 Be7 8. Be3 Be6 9. Nd5 Nxd5 10. exd5 Bf5 11. Qd2 Nd7 12. Na5 Qc7 13. c4 Bf6 14. O-O b6 15. Nc6 a5 16. f4 exf4 17. Bxf4 O-O 18. Bxd6 Qxd6 19. Rxf5 g6 20. Rf2 Bg7 21. Raf1 Rae8 22. b3 f5 23. Bf3 Ne5 24. Kh1 Nd7 25. Re2 Bf6 26. Rfe1 Rxe2 27. Rxe2 Nc5 28. Nd4 Rd8 29. Nb5 Qd7 30. d6 Kg7 31. Bd5 Re8 32. Rxe8 Qxe8 33. g3 h6 34. Kg2 Qe5 35. Bf3 Ne4 36. Qd3 Nc5 37. Qd1 Qe3 38. Qe2 Qxe2+ 39. Bxe2 Kf7 40. Kf2 Ke6 41. Ke3 Be5 42. Bf3 Bxd6 43. Bd5+ Ke7 44. Nd4 Be5 45. Nc6+ Kf6 46. Bf3 g5 47. Bd5 Bb2 48. b4 axb4 49. Nxb4 Ba3 50. Nd3 Na6 51. h3 h5 52. Bc6 Nc7 53. Kf2 Ne6 54. Be8 Ng7 55. Bd7 Ke7 56. Ba4 Ne6 57. Bd1 h4 58. gxh4 gxh4 59. Bf3 Kf6 60. Bg2 Kg5 61. Bd5 Nd4 62. Ke3 Nc2+ 63. Kd2 Nd4 64. Ke3 Nc2+ 1/2-1/2

[Event "85th Southwest Open 2019"]
[Site "Dallas"]
[Date "2019.09.01"]
[Round "6.21"]
[White "Easton, Jack"]
[Black "Guo, Arthur"]
[Result "0-1"]
[ECO "E32"]
[WhiteElo "2182"]
[BlackElo "2295"]
[Annotator "RC"]
[PlyCount "60"]
[EventDate "2019.08.29"]
[EventType "swiss"]
[EventCountry "USA"]
[SourceTitle "playchess.com"]
[Source "ChessBase"]
[SourceQuality "1"]
[TimeControl "5400+30"]

1. d4 Nf6 2. c4 e6 3. Nc3 Bb4 4. Qc2 d6 5. Nf3 Nbd7 6. g4 d5 7. Bd2 O-O 8. g5 Bxc3 9. Bxc3 Ne4 10. h4 b6 11. Bg2 Ba6 12. cxd5 exd5 13. Nd2 Nxc3 14. Qxc3 Re8 15. O-O-O Bxe2 16. Rdg1 c5 17. Kb1 Rc8 18. h5 Nf8 19. Bh3 Ne6 20. g6 fxg6 21. hxg6 h6 22. dxc5 bxc5 23. Re1 d4 24. Qa3 d3 25. Qxa7 Rc7 26. Qa6 Nd4 27. Qc4+ Kh8 28. Bg2 Qg5 29. Ne4 Qxg2 30. Nxc5 Qxg6 0-1

[Event "85th Southwest Open 2019"]
[Site "Dallas"]
[Date "2019.09.02"]
[Round "7.10"]
[White "Hong, Andrew"]
[Black "Berczes, David"]
[Result "0-1"]
[ECO "C13"]
[WhiteElo "2440"]
[BlackElo "2488"]
[Annotator "RC"]
[PlyCount "124"]
[EventDate "2019.08.29"]
[EventType "swiss"]
[EventCountry "USA"]
[SourceTitle "playchess.com"]
[Source "ChessBase"]
[SourceQuality "1"]
[TimeControl "5400+30"]

1. e4 e6 2. d4 d5 3. Nc3 Nf6 4. Bg5 dxe4 5. Nxe4 Be7 6. Bxf6 gxf6 7. Qd2 b6 8. O-O-O Bb7 9. Nc3 c6 10. Kb1 Nd7 11. Qh6 Qc7 12. Be2 O-O-O 13. Bh5 Rdf8 14. Nf3 Rhg8 15. g3 b5 16. Rhe1 b4 17. Ne4 Qa5 18. g4 Ba6 19. Qxh7 Rh8 20. Qg7 Rhg8 21. Qh7 Rh8 22. Qg7 Rhg8 23. Qh6 Bc4 24. b3 Bd5 25. Nfd2 f5 26. gxf5 Rh8 27. Qf4 Rxh5 28. f6 Bd8 29. Nd6+ Kb8 30. Nxf7+ Qc7 31. Ne5 Nxf6 32. Rg1 Ka8 33. Rg6 Nd7 34. Qg4 Nxe5 35. dxe5 Rxe5 36. Qxb4 c5 37. Qb5 Bc6 38. Qf1 Ref5 39. Rxe6 Rxf2 40. Qe1 Bd5 41. Re5 Bb7 42. Ne4 Qxe5 43. Qxf2 Rxf2 44. Rxd8+ Bc8 45. Nxf2 Qe1+ 46. Kb2 Qe5+ 47. Kb1 Qc7 48. Rf8 Kb7 49. Ne4 Qe5 50. Re8 Qd4 51. Ng3 c4 52. Re4 Qg1+ 53. Kb2 Qxh2 54. Re3 Qh8+ 55. Rc3 Kc6 56. Nf1 Be6 57. Ne3 Qd4 58. bxc4 a5 59. Nd5 Bxd5 60. cxd5+ Kxd5 61. a4 Ke4 62. Kb3 Qb4+ {[%emt 0:01:12] Kb2} 0-1

[Event "85th Southwest Open 2019"]
[Site "Dallas"]
[Date "2019.09.02"]
[Round "7.24"]
[White "Noland, Shawn"]
[Black "Shamatava, Ana"]
[Result "0-1"]
[ECO "C00"]
[WhiteElo "1950"]
[BlackElo "2159"]
[Annotator "RC"]
[PlyCount "130"]
[EventDate "2019.08.29"]
[EventType "swiss"]
[EventCountry "USA"]
[SourceTitle "playchess.com"]
[Source "ChessBase"]
[SourceQuality "1"]
[TimeControl "5400+30"]

1. Nf3 Nf6 2. g3 d5 3. Bg2 e6 4. O-O Be7 5. d3 c5 6. Nbd2 Nc6 7. Re1 O-O 8. e4 dxe4 9. dxe4 e5 10. h3 h6 11. b3 Be6 12. Bb2 Qc7 13. c3 b5 14. Qe2 a6 15. Nh4 Rfd8 16. Nf1 c4 17. b4 a5 18. a3 Rd3 19. Nf3 Rad8 20. Rec1 Nd7 21. Ne1 Nb6 22. Rc2 Na4 23. Rb1 Qd7 24. Kh2 f6 25. Nf3 axb4 26. axb4 Bxb4 27. cxb4 Nxb4 28. Rd2 Rxd2 29. Qxd2 Qxd2 30. N3xd2 Nxb2 31. Rxb2 c3 32. Rb1 Na2 33. Rxb5 cxd2 34. Nxd2 Rxd2 35. Rb6 Bc4 36. Kg1 Nc3 37. Rc6 Rd1+ 38. Kh2 Rd4 39. f3 Nd1 40. h4 Be2 41. Rc2 Bc4 42. Bh3 Kf7 43. h5 Ne3 44. Rb2 Nf1+ 45. Bxf1 Bxf1 46. Rb7+ Kf8 47. Rb8+ Ke7 48. Rb7+ Rd7 49. Rb1 Rd2+ 50. Kg1 Bh3 51. Rb7+ Kf8 52. g4 Rg2+ 53. Kh1 Rg3 54. Rb3 Bxg4 55. Rb8+ Kf7 56. Rb7+ Kg8 57. Rb8+ Kh7 58. fxg4 Rxg4 59. Rb4 Rh4+ 60. Kg2 Rxh5 61. Kg3 Rg5+ 62. Kh4 Kg6 63. Rb6 h5 64. Rb4 Rg4+ 65. Kh3 Kg5 0-1

[Event "85th Southwest Open 2019"]
[Site "Dallas"]
[Date "2019.09.02"]
[Round "8.4"]
[White "Wang, Justin"]
[Black "Shtembuliak, Evgeny"]
[Result "0-1"]
[ECO "B08"]
[WhiteElo "2449"]
[BlackElo "2548"]
[Annotator "ChessBase"]
[PlyCount "90"]
[EventDate "2019.08.29"]
[EventType "swiss"]
[EventCountry "USA"]
[SourceTitle "playchess.com"]
[Source "ChessBase"]
[SourceQuality "1"]
[TimeControl "5400+30"]

1. e4 d6 2. d4 Nf6 3. Nc3 g6 4. Nf3 Bg7 5. Be2 O-O 6. O-O a6 7. a3 Nc6 8. Bg5 Bg4 9. d5 Bxf3 10. Bxf3 Ne5 11. Be2 c6 12. Be3 cxd5 13. exd5 Rc8 14. Bd4 Qc7 15. Re1 Rfe8 16. Bf1 Nfd7 17. Rb1 Bf6 18. Re4 Nc5 19. Re3 b5 20. Rh3 Qb7 21. Qd2 b4 22. axb4 Qxb4 23. Bxe5 Bxe5 24. Qh6 Nd7 25. Qxh7+ Kf8 26. Rh4 Qb6 27. Ne4 Rxc2 28. Bd3 Rxb2 29. Rf1 Bg7 30. Rf4 Nf6 31. Qh4 a5 32. Ng5 Rb4 33. Nxf7 Rxf4 34. Qxf4 Kxf7 35. Qg3 Ra8 36. Bxg6+ Kf8 37. Re1 Qd4 38. Qh3 Qxd5 39. g4 Qd2 40. Re3 Qd1+ 41. Kg2 Qxg4+ 42. Qxg4 Nxg4 43. Rh3 a4 44. Bf5 a3 45. Rf3 Ne5 0-1

[Event "85th Southwest Open 2019"]
[Site "Dallas"]
[Date "2019.09.02"]
[Round "8.6"]
[White "Berczes, David"]
[Black "Beradze, Irakli"]
[Result "0-1"]
[ECO "A09"]
[WhiteElo "2488"]
[BlackElo "2493"]
[Annotator "RC"]
[PlyCount "62"]
[EventDate "2019.08.29"]
[EventType "swiss"]
[EventCountry "USA"]
[SourceTitle "playchess.com"]
[Source "ChessBase"]
[SourceQuality "1"]
[TimeControl "5400+30"]

1. Nf3 d5 2. c4 d4 3. b4 f6 4. e3 dxe3 5. fxe3 e5 6. c5 a5 7. Bb5+ Bd7 8. Bc4 axb4 9. O-O Qe7 10. d4 Nc6 11. a3 e4 12. Nfd2 f5 13. Bb2 Nf6 14. axb4 Rxa1 15. Bxa1 Ng4 16. Qe1 Nxb4 17. Na3 Qg5 18. Rf4 Be7 19. Bc3 Nd3 20. Bxd3 exd3 21. Nac4 O-O 22. h3 Nf6 23. Ne5 Be6 24. Bb2 Nd5 25. Rf3 f4 26. Ne4 d2 27. Qe2 Qh4 28. Nxd2 Nxe3 29. Ndc4 Nxc4 30. Nxc4 Bd5 31. Rf1 f3 0-1

[Event "85th Southwest Open 2019"]
[Site "Dallas"]
[Date "2019.09.02"]
[Round "8.7"]
[White "Javakhadze, Zurab"]
[Black "Popilski, Gil"]
[Result "1/2-1/2"]
[ECO "D27"]
[WhiteElo "2441"]
[BlackElo "2468"]
[Annotator "ChessBase"]
[PlyCount "72"]
[EventDate "2019.08.29"]
[EventType "swiss"]
[EventCountry "USA"]
[SourceTitle "playchess.com"]
[Source "ChessBase"]
[SourceQuality "1"]
[TimeControl "5400+30"]

1. d4 d5 2. c4 dxc4 3. e3 Nf6 4. Nf3 e6 5. Bxc4 c5 6. O-O a6 7. dxc5 Bxc5 8. Qxd8+ Kxd8 9. a3 Ke7 10. b4 Bd6 11. Bb2 Nbd7 12. Nbd2 b5 13. Be2 Bb7 14. Rac1 Rhc8 15. Nb3 Rxc1 16. Rxc1 Rc8 17. Rxc8 Bxc8 18. Nfd4 Nb6 19. f3 Nfd5 20. Kf2 f6 21. e4 Nf4 22. Bf1 e5 23. Nc6+ Ke8 24. g3 Ng6 25. Bc1 Ne7 26. Nxe7 Kxe7 27. Be3 Nc4 28. Bxc4 bxc4 29. Nc5 Bxc5 30. bxc5 Kd7 31. Ke2 Kc6 32. Kd2 Bh3 33. Kc3 Bg2 34. f4 exf4 35. gxf4 Bxe4 36. Kxc4 Bf5 1/2-1/2

[Event "85th Southwest Open 2019"]
[Site "Dallas"]
[Date "2019.09.02"]
[Round "8.8"]
[White "Mishra, Abhimanyu"]
[Black "Sorokin, Aleksey"]
[Result "0-1"]
[ECO "B12"]
[WhiteElo "2377"]
[BlackElo "2514"]
[Annotator "ChessBase"]
[PlyCount "174"]
[EventDate "2019.08.29"]
[EventType "swiss"]
[EventCountry "USA"]
[SourceTitle "playchess.com"]
[Source "ChessBase"]
[SourceQuality "1"]
[TimeControl "5400+30"]

1. e4 c6 2. d4 d5 3. e5 Bf5 4. Nf3 e6 5. Be2 Ne7 6. O-O c5 7. Be3 Nec6 8. c4 dxc4 9. Bxc4 cxd4 10. Nxd4 Nxd4 11. Bxd4 a6 12. Bc3 Nc6 13. a3 Bc5 14. Nd2 Bd4 15. Re1 Bxc3 16. bxc3 O-O 17. Nf3 Bg4 18. Bd3 Rc8 19. Be4 Bxf3 20. Qxf3 g6 21. Qf4 Qc7 22. Bf3 Na5 23. Rac1 Nc4 24. a4 f6 25. Qg4 f5 26. Qf4 Rfd8 27. Rb1 b6 28. Be2 Nd2 29. Rbd1 Ne4 30. Bxa6 Rxd1 31. Rxd1 Rd8 32. Rxd8+ Qxd8 33. Qe3 Qc7 34. Qd4 Kf7 35. Bc4 Nc5 36. Bb5 h6 37. f3 Nb3 38. Qd6 Qxd6 39. exd6 g5 40. Kf2 Nc5 41. Ke3 e5 42. c4 Ke6 43. d7 Ke7 44. Bc6 Kd8 45. g4 f4+ 46. Kd2 Kc7 47. Kc3 Nxd7 48. Bd5 Kd6 49. h3 Kc5 50. Be6 Nf6 51. Bf5 Ne8 52. Be4 Nc7 53. Bf5 Na6 54. Be4 Nb4 55. Bb1 Nc6 56. Be4 Nd4 57. Bd5 Ne2+ 58. Kd2 Ng3 59. Kd3 Kd6 60. Bb7 Nf1 61. Ke2 Ne3 62. Kd3 Nd1 63. Kc2 Nf2 64. Kd2 Kc5 65. Ke2 Nh1 66. Kd3 Ng3 67. Bd5 Nf1 68. Bb7 Ne3 69. Ba6 Kc6 70. Ke4 Kd6 71. Kd3 Nd1 72. Kd2 Nb2 73. Bb5 Kc5 74. Kc3 Nd1+ 75. Kd2 Ne3 76. Kd3 Kb4 77. Ba6 Kxa4 78. Bb5+ Kb4 79. Ba6 Kc5 80. Bb5 Nd1 81. Kd2 Nb2 82. Kc3 e4 83. fxe4 f3 84. Kd2 Nxc4+ 85. Bxc4 Kxc4 86. Ke3 b5 87. Kxf3 Kd4 0-1

[Event "85th Southwest Open 2019"]
[Site "Dallas"]
[Date "2019.09.02"]
[Round "8.9"]
[White "Nguyen, Emily"]
[Black "Drozdowski, Kacper"]
[Result "1/2-1/2"]
[ECO "A84"]
[WhiteElo "2183"]
[BlackElo "2484"]
[Annotator "ChessBase"]
[PlyCount "75"]
[EventDate "2019.08.29"]
[EventType "swiss"]
[EventCountry "USA"]
[SourceTitle "playchess.com"]
[Source "ChessBase"]
[SourceQuality "1"]
[TimeControl "5400+30"]

1. d4 b6 2. Nf3 Bb7 3. g3 e6 4. c4 f5 5. Bg2 Nf6 6. O-O Na6 7. a3 Be7 8. d5 Nc5 9. Nd4 a5 10. dxe6 Bxg2 11. exd7+ Qxd7 12. Kxg2 Rd8 13. e3 Ne6 14. Nc3 Nxd4 15. exd4 Qxd4 16. Qe2 Qd3 17. Qe5 Qxc4 18. Bf4 Rd7 19. Rad1 Qc6+ 20. Kg1 O-O 21. Rxd7 Qxd7 22. Qxc7 Qxc7 23. Bxc7 Rc8 24. Bxb6 Bxa3 25. bxa3 Rxc3 26. Bxa5 Rxa3 27. Bc7 Ne4 28. h4 Kf7 29. Kg2 Ra2 30. Bb6 h6 31. Be3 g5 32. hxg5 hxg5 33. Rb1 f4 34. gxf4 gxf4 35. Bxf4 Rxf2+ 36. Kg1 Rxf4 37. Rf1 Rxf1+ 38. Kxf1 1/2-1/2

[Event "85th Southwest Open 2019"]
[Site "Dallas"]
[Date "2019.09.02"]
[Round "8.10"]
[White "Arribas Lopez, Angel"]
[Black "Reshef, Omer"]
[Result "1-0"]
[ECO "C72"]
[WhiteElo "2440"]
[BlackElo "2467"]
[Annotator "ChessBase"]
[PlyCount "105"]
[EventDate "2019.08.29"]
[EventType "swiss"]
[EventCountry "USA"]
[SourceTitle "playchess.com"]
[Source "ChessBase"]
[SourceQuality "1"]
[TimeControl "5400+30"]

1. e4 e5 2. Nf3 Nc6 3. Bb5 a6 4. Ba4 d6 5. O-O g6 6. d4 b5 7. Bb3 Bg7 8. dxe5 dxe5 9. Qxd8+ Nxd8 10. a4 b4 11. a5 Be6 12. Ba4+ Bd7 13. Bxd7+ Kxd7 14. Rd1+ Kc8 15. Nbd2 Nf6 16. Re1 Nc6 17. Nb3 Bf8 18. Bg5 Ne8 19. Nfd2 f6 20. Be3 Nd6 21. Bc5 Nb5 22. Be3 Be7 23. Nc4 Rb8 24. Red1 Nd6 25. Nxd6+ Bxd6 26. Rd5 Ne7 27. Rd3 Rb5 28. Rad1 Kb7 29. g4 Nc6 30. Rxd6 cxd6 31. Rxd6 Nd4 32. Nxd4 exd4 33. Bxd4 Re8 34. f3 f5 35. gxf5 gxf5 36. e5 Rxa5 37. Rb6+ Kc7 38. Rxb4 Ra1+ 39. Kf2 Rg8 40. Bc3 Rc1 41. Rh4 f4 42. Rxf4 Rxc2+ 43. Ke3 Rxh2 44. Rf7+ Kc6 45. Rf6+ Kb5 46. f4 h5 47. Bd4 Rg3+ 48. Ke4 Re2+ 49. Kd5 Rd3 50. Rb6+ Ka5 51. b4+ Ka4 52. Kc4 Rxd4+ 53. Kxd4 1-0

[Event "85th Southwest Open 2019"]
[Site "Dallas"]
[Date "2019.09.02"]
[Round "8.13"]
[White "Tsay, Vincent"]
[Black "Bajarani, Ulvi"]
[Result "1-0"]
[ECO "E16"]
[WhiteElo "2233"]
[BlackElo "2501"]
[Annotator "ChessBase"]
[PlyCount "88"]
[EventDate "2019.08.29"]
[EventType "swiss"]
[EventCountry "USA"]
[SourceTitle "playchess.com"]
[Source "ChessBase"]
[SourceQuality "1"]
[TimeControl "5400+30"]

1. d4 Nf6 2. Nf3 e6 3. g3 b6 4. Bg2 Bb7 5. c4 Bb4+ 6. Bd2 a5 7. O-O O-O 8. Bf4 Be7 9. Nc3 Ne4 10. Rc1 Na6 11. Nxe4 Bxe4 12. Ne5 Bxg2 13. Kxg2 Qc8 14. Kg1 Rd8 15. e4 Qb7 16. Qh5 g6 17. Qf3 f6 18. Nd3 Rf8 19. Rfe1 Rf7 20. a3 d6 21. Qg4 e5 22. Be3 a4 23. h4 Qc8 24. Qxc8+ Rxc8 25. Nb4 Nb8 26. c5 exd4 27. cxd6 dxe3 28. dxe7 exf2+ 29. Kxf2 Rxe7 30. Nd5 Re6 31. Nxc7 Rd6 32. Nd5 Re8 33. Red1 Kf7 34. Rc7+ Rd7 35. Rdc1 Rxe4 36. Nxb6 Rxc7 37. Rxc7+ Ke6 38. Rc8 Na6 39. Re8+ Kf5 40. Rxe4 Kxe4 41. Nxa4 h5 42. b4 Nc7 43. Nc5+ Kd4 44. Nd7 Ke4 1-0

[Event "85th Southwest Open 2019"]
[Site "Dallas"]
[Date "2019.09.02"]
[Round "8.14"]
[White "Wang, Jason"]
[Black "Wheeler, Cameron"]
[Result "1-0"]
[ECO "E10"]
[WhiteElo "2300"]
[BlackElo "2397"]
[Annotator "NA"]
[PlyCount "69"]
[EventDate "2019.08.29"]
[EventType "swiss"]
[EventCountry "USA"]
[SourceTitle "playchess.com"]
[Source "ChessBase"]
[SourceQuality "1"]
[TimeControl "5400+30"]

1. d4 Nf6 2. c4 e6 3. Nf3 c5 4. d5 b5 5. Bg5 exd5 6. cxd5 d6 7. e4 a6 8. Nbd2 Be7 9. Bf4 O-O 10. a4 Re8 11. Bd3 c4 12. Bc2 Bb7 13. Nd4 b4 14. O-O Bf8 15. Qf3 Qc7 16. Rac1 c3 17. Bb3 Qb6 18. bxc3 bxc3 19. Qxc3 Nxe4 20. Nxe4 Rxe4 21. Be3 Nd7 22. Bc2 Bxd5 23. Bxe4 Bxe4 24. f3 Bg6 25. Ne6 Qb7 26. Nxf8 Nxf8 27. Qc6 Rb8 28. Qxb7 Rxb7 29. Rc6 Rb4 30. Rxd6 h6 31. Rd8 Rc4 32. Rc1 Bc2 33. Rd2 Bb3 34. Rxc4 Bxc4 35. Rd8 1-0

[Event "85th Southwest Open 2019"]
[Site "Dallas"]
[Date "2019.09.02"]
[Round "8.15"]
[White "Yim, Sung Ho"]
[Black "Li, Ben"]
[Result "0-1"]
[ECO "D45"]
[WhiteElo "2258"]
[BlackElo "2407"]
[Annotator "NA"]
[PlyCount "96"]
[EventDate "2019.08.29"]
[EventType "swiss"]
[EventCountry "USA"]
[SourceTitle "playchess.com"]
[Source "ChessBase"]
[SourceQuality "1"]
[TimeControl "5400+30"]

1. d4 d5 2. c4 c6 3. Nf3 Nf6 4. Nc3 e6 5. e3 Nbd7 6. Qc2 b6 7. b3 Bb7 8. Be2 Rc8 9. Bb2 c5 10. O-O cxd4 11. Nxd4 dxc4 12. Bxc4 a6 13. a4 Ne5 14. Bxe6 fxe6 15. Nxe6 Qd3 16. Qe2 Qxe2 17. Nxe2 Ned7 18. Rac1 Kf7 19. Rxc8 Bxc8 20. Nxf8 Rxf8 21. Rc1 a5 22. Ba3 Rd8 23. Nd4 Ba6 24. Rc7 Rc8 25. Ra7 Bd3 26. f3 Kg6 27. e4 h5 28. Kf2 Bc2 29. Nf5 Kh7 30. b4 axb4 31. Bxb4 Rc4 32. Be7 Rxa4 33. Rc7 Ra2 34. Ke3 Nd5+ 35. exd5 Bxf5 36. Kf4 Kg6 37. Rc6+ Nf6 38. g3 Rd2 39. Rxb6 Rxd5 40. Rd6 Ra5 41. h4 Rb5 42. Ra6 Bh3 43. Ba3 Rf5+ 44. Ke3 Bg2 45. f4 Rb5 46. Bc1 Rb3+ 47. Kf2 Bb7 48. Ra3 Rb1 0-1

[Event "85th Southwest Open 2019"]
[Site "Dallas"]
[Date "2019.09.02"]
[Round "8.16"]
[White "Tiglon, Bryce"]
[Black "Vivekananthan, Anish"]
[Result "1-0"]
[ECO "B90"]
[WhiteElo "2371"]
[BlackElo "2162"]
[Annotator "NA"]
[PlyCount "87"]
[EventDate "2019.08.29"]
[EventType "swiss"]
[EventCountry "USA"]
[SourceTitle "playchess.com"]
[Source "ChessBase"]
[SourceQuality "1"]
[TimeControl "5400+30"]

1. e4 c5 2. Nf3 d6 3. d4 cxd4 4. Nxd4 Nf6 5. Nc3 a6 6. h4 e5 7. Nb3 Be6 8. f4 exf4 9. Bxf4 Nc6 10. Qd3 Ne5 11. Qe3 Be7 12. O-O-O Qc7 13. Nd4 O-O 14. Be2 Nfd7 15. Nf5 Bxf5 16. Nd5 Qd8 17. exf5 Rc8 18. g4 Re8 19. Kb1 Bf8 20. Qd4 Rc5 21. Qd2 Nc6 22. Rh2 Nf6 23. Nxf6+ Qxf6 24. Bf1 Re4 25. c3 d5 26. Bd3 Re8 27. g5 Qd8 28. b4 Qb6 29. Ka1 Nxb4 30. cxb4 Rc6 31. Qb2 Bxb4 32. Rc2 a5 33. Bd2 Rxc2 34. Bxc2 Qc5 35. Bxb4 axb4 36. Bb3 d4 37. g6 Rd8 38. gxf7+ Kf8 39. f6 gxf6 40. Qg2 d3 41. Kb1 d2 42. Qg8+ Ke7 43. f8=Q+ Rxf8 44. Qe6+ 1-0

[Event "85th Southwest Open 2019"]
[Site "Dallas"]
[Date "2019.09.02"]
[Round "8.21"]
[White "Yu, Jennifer"]
[Black "Coraretti, Benjamin"]
[Result "1-0"]
[ECO "A20"]
[WhiteElo "2263"]
[BlackElo "2070"]
[Annotator "NA"]
[PlyCount "85"]
[EventDate "2019.08.29"]
[EventType "swiss"]
[EventCountry "USA"]
[SourceTitle "playchess.com"]
[Source "ChessBase"]
[SourceQuality "1"]
[TimeControl "5400+30"]

1. c4 Nf6 2. Nc3 e5 3. g3 h6 4. Bg2 c6 5. Nf3 e4 6. Nd4 d5 7. cxd5 cxd5 8. d3 exd3 9. Qxd3 Nc6 10. O-O Be7 11. Rd1 Nb4 12. Qd2 O-O 13. a3 Nc6 14. Nc2 Be6 15. Nxd5 Nxd5 16. Bxd5 Bxd5 17. Qxd5 Qb6 18. Qa2 Qb5 19. Re1 Bf6 20. Rb1 Rfe8 21. Ne3 Rad8 22. Qc4 Qa5 23. b4 Qh5 24. Bb2 Bd4 25. Bxd4 Rxd4 26. Qc3 Rde4 27. Rbd1 Rxe3 28. fxe3 Ne5 29. Qc5 Qh3 30. Qb5 Re6 31. Qxb7 Ng4 32. Rd8+ Kh7 33. Qg2 Qh5 34. Rd5 f5 35. Rc5 Rxe3 36. Rf1 Re4 37. h3 Ne3 38. Qxe4 Nxf1 39. Qxf5+ Qxf5 40. Rxf5 Nxg3 41. Re5 Kg6 42. Kf2 Nf5 43. Ra5 1-0

[Event "85th Southwest Open 2019"]
[Site "Dallas"]
[Date "2019.09.02"]
[Round "8.23"]
[White "Yanayt, Eugene"]
[Black "Gutla, Aryan"]
[Result "1-0"]
[ECO "E74"]
[WhiteElo "2240"]
[BlackElo "1631"]
[Annotator "NA"]
[PlyCount "51"]
[EventDate "2019.08.29"]
[EventType "swiss"]
[EventCountry "USA"]
[SourceTitle "playchess.com"]
[Source "ChessBase"]
[SourceQuality "1"]
[TimeControl "5400+30"]

1. d4 Nf6 2. c4 g6 3. Nc3 Bg7 4. e4 d6 5. Be2 O-O 6. Be3 c5 7. dxc5 Qa5 8. Bd2 dxc5 9. e5 Ne8 10. Nd5 Qd8 11. Bc3 Nc6 12. f4 Nd4 13. Bxd4 cxd4 14. Nf3 Nc7 15. Qxd4 Be6 16. Rd1 Nxd5 17. cxd5 Qa5+ 18. b4 Qxa2 19. dxe6 Qxe6 20. O-O a5 21. Ng5 Qc8 22. Rc1 Qd8 23. Qxd8 Rfxd8 24. bxa5 Rxa5 25. Rc7 Bxe5 26. fxe5 1-0

[Event "85th Southwest Open 2019"]
[Site "Dallas"]
[Date "2019.09.02"]
[Round "8.24"]
[White "Chen, Ryo"]
[Black "Kumar, Naman"]
[Result "1-0"]
[ECO "C84"]
[WhiteElo "1957"]
[BlackElo "2158"]
[Annotator "NA"]
[PlyCount "89"]
[EventDate "2019.08.29"]
[EventType "swiss"]
[EventCountry "USA"]
[SourceTitle "playchess.com"]
[Source "ChessBase"]
[SourceQuality "1"]
[TimeControl "5400+30"]

1. e4 e5 2. Nf3 Nc6 3. Bb5 a6 4. Ba4 Nf6 5. d3 b5 6. Bb3 Be7 7. O-O O-O 8. Bd5 Bd6 9. Bxc6 dxc6 10. h3 h6 11. b3 Qe7 12. Bb2 Kh7 13. Nh2 g6 14. Qe2 Nh5 15. a4 Nf4 16. Qf3 h5 17. Nc3 Bd7 18. Ne2 Ne6 19. Qe3 Bc5 20. Qd2 Ng5 21. Kh1 f6 22. f4 exf4 23. Nxf4 Bd6 24. Nf3 Be5 25. Nxe5 fxe5 26. Ba3 Qf6 27. Bxf8 Rxf8 28. Nxh5 Qxf1+ 29. Rxf1 Rxf1+ 30. Kh2 Ne6 31. Ng3 Rf7 32. Ne2 c5 33. axb5 axb5 34. Kg1 Kg7 35. Qc3 Kf6 36. Kh2 Rh7 37. Ng1 c6 38. Nf3 Nd4 39. Qxc5 Nxf3+ 40. gxf3 Ke6 41. Kg3 Rh8 42. Qa3 g5 43. c3 Kf7 44. Qd6 Rxh3+ 45. Kg2 1-0